 Dungeon Crawl Stone Soup version 0.29.0-4-gdea44cf6ec (webtiles) character file.

Game seed: 3239420154278630305

99 qw the Chopper (level 4, -1/26 HPs)
             Began as a Tengu Warper on Aug 28, 2022.
             Constricted to death by Robin (3 damage)
             ... on level 2 of the Dungeon.
             The game lasted 00:00:11 (1668 turns).

qw the Chopper (Tengu Warper)                       Turns: 1668, Time: 00:00:11

Health: -1/26      AC:  3    Str: 13    XL:     4   Next: 72%
Magic:  8/8        EV:  9    Int: 14    God:
Gold:   87         SH:  0    Dex: 13    Spells: 7/7 levels left

rFire   . . .      SeeInvis .   Y - +0 hand axe
rCold   . . .      Faith    .   (no shield)
rNeg    . . .      Spirit   .   b - +0 leather armour
rPois   .          Reflect  .   (helmet restricted)
rElec   .          Harm     .   (no cloak)
rCorr   .          Rampage  .   (no gloves)
Will    .....                   (boots unavailable)
Stlth   +.........              (no amulet)
HPRegen 0.08/turn               (no ring)
MPRegen 0.11/turn               (no ring)

@: grasped by roots, constricted
A: beak, talons 3
a: no special abilities


You were on level 2 of the Dungeon.
You visited 1 branch of the dungeon, and saw 2 of its levels.

You collected 87 gold pieces.


Innate Abilities, Weirdness & Mutations

You have a beak for a mouth.
You have claws for feet.


   Skills:
 - Level 2.0 Fighting
 + Level 5.2 Axes
 - Level 1.0 Throwing
 - Level 1.1 Armour
 - Level 2.1 Dodging
 - Level 2.0 Spellcasting
 - Level 2.4 Translocations


You had 7 spell levels left.
You didn't know any spells.
Your spell library contained the following spells:

 Spells                   Type           Power      Damage    Failure   Level
 Blink                    Tloc           16%        N/A       17%         2
 Gell's Gravitas          Tloc           8%         N/A       34%         3
 Lesser Beckoning         Tloc           8%         N/A       34%         3
 Teleport Other           Tloc           8%         N/A       34%         3
 Manifold Assault         Tloc           8%         N/A       97%         5

Inventory:

Hand Weapons
 g - a +0 whip
 Y - a +0 hand axe (weapon)
Armour
 b - a +0 leather armour (worn)
Scrolls
 a - a scroll of summoning {unknown}
 h - a scroll of identify
Potions
 c - 2 potions of attraction {unknown}
 j - a potion of brilliance {unknown}
 l - a potion of degeneration {unknown}

Dungeon Overview and Level Annotations

Branches:
Dungeon (2/15)

Altars:

Annotations:
D:2 1 runed translucent door, Crazy Yiuf, Robin


Message History

You hit the ball python but do no damage.
You claw the ball python, but do no damage.
Your peck misses the ball python. The ball python bites you.
The ball python grabs you. The ball python constricts you.
You closely miss the ball python. Your peck misses the ball python.
You hit the hobgoblin but do no damage. The ball python barely misses you.
The ball python constricts you.
A goblin comes into view. It is wielding a +0 dagger.
The hobgoblin closely misses you.
A quokka comes into view.
The ball python bites you but does no damage.
The ball python constricts you.
You hit the ball python.
You kill the ball python!
You hit the hobgoblin but do no damage. The hobgoblin misses you.
You slash the goblin!
You kill the goblin!
You hit the hobgoblin but do no damage.
Robin zaps a wand.
The roots erupt in riotous growth!
The grasping roots grab you!
The hobgoblin is unaffected.
The grasping roots constrict you. The hobgoblin misses you.
You hear a shout! x2
You barely miss the hobgoblin. The grasping roots constrict you. x2
You hit the hobgoblin. Your peck misses the hobgoblin.
The hobgoblin is lightly wounded.
You completely miss the goblin. You hit the goblin.
The grasping roots constrict you. The goblin hits you with a +0 dagger.
A hobgoblin comes into view.
The hobgoblin misses you. The goblin barely misses you.
You slash the goblin!
You kill the goblin!
You hit the goblin. You hit the hobgoblin but do no damage.
The grasping roots constrict you. The hobgoblin hits you.
A goblin comes into view. It is wielding a +0 dagger.
The goblin hits you with a +0 club. The grasping roots constrict you.
You die...

#####
###...##...........
#.)<#.##.......... .
#.###)##.........#.. #.#
#.%............. ####.#
###..>........ #....#
####.#....
.%############.)g##g#
..####.....#...%@)gg##
...##...........gg......
....).......%........#..
..##%...................
....................#...
...#....................
##..............>.......
####..............###.
#............#..


You could see Robin (fast), 2 hobgoblins and 3 goblins.

Vanquished Creatures
  Natasha (D:2)
  A gnoll (D:1)
  2 adders (D:2)
  4 endoplasms (D:1)
  2 giant cockroaches
  10 goblins
  5 hobgoblins
  6 kobolds
  A quokka (D:1)
  2 ball pythons
  4 bats
  A frilled lizard (D:1)
  7 rats
46 creatures vanquished.

Notes
Turn   | Place    | Note
-------+----------+-------------------------------------------
     0 | D:1      | qw the Tengu Warper began the quest for the Orb.
     0 | D:1      | Reached XP level 1. HP: 12/12 MP: 4/4
     0 | D:1      | 0 ||| qw: Version: 0.1-a-89-g26bdef1
     0 | D:1      | 0 ||| qw: Game counter: 1749
     0 | D:1      | 0 ||| qw: Always use a shield: true
     0 | D:1      | 0 ||| qw: God list: Okawaru
     0 | D:1      | 0 ||| qw: Allow faded altars: false
     0 | D:1      | 0 ||| qw: Do Orc after D:15 true
     0 | D:1      | 0 ||| qw: Do second Lair branch before Depths: true
     0 | D:1      | 0 ||| qw: Lair rune preference: random
     0 | D:1      | 0 ||| qw: Plans: Normal
     0 | D:1      | 0 ||| PLANNING D:1-11
    40 | D:1      | Reached skill level 3 in Axes
    40 | D:1      | Reached XP level 2. HP: 6/17 MP: 6/6
   304 | D:1      | 304 ||| Stepping ~*~*~tactically~*~*~ (stealth).
   305 | D:1      | 305 ||| Stepping ~*~*~tactically~*~*~ (stealth).
   310 | D:1      | 310 ||| DROPPING +0 club.
   382 | D:1      | 382 ||| Stepping ~*~*~tactically~*~*~ (stealth).
   535 | D:1      | 535 ||| Stepping ~*~*~tactically~*~*~ (stealth).
   538 | D:1      | 538 ||| Stepping ~*~*~tactically~*~*~ (stealth).
   541 | D:1      | 541 ||| Stepping ~*~*~tactically~*~*~ (stealth).
   846 | D:1      | Reached XP level 3. HP: 21/21 MP: 7/7
   916 | D:1      | Reached skill level 4 in Axes
   917 | D:1      | 917 ||| Stepping ~*~*~tactically~*~*~ (stealth).
   919 | D:1      | 919 ||| Stepping ~*~*~tactically~*~*~ (stealth).
   936 | D:1      | 936 ||| Stepping ~*~*~tactically~*~*~ (stealth).
   945 | D:1      | 945 ||| Stepping ~*~*~tactically~*~*~ (stealth).
   949 | D:1      | 949 ||| Stepping ~*~*~tactically~*~*~ (stealth).
   950 | D:1      | 950 ||| Stepping ~*~*~tactically~*~*~ (stealth).
  1163 | D:1      | 1163 ||| DROPPING scarf of harm.
  1164 | D:1      | 1164 ||| READING scroll labelled XOSACL LOERYFAUN.
  1165 | D:1      | 1165 ||| READING 2 scrolls labelled QAOM ISTREGHE.
  1166 | D:1      | 1166 ||| READING scroll labelled MEBARY ZAXEIFF.
  1167 | D:1      | 1167 ||| READING scroll labelled AFIJUI WUSIYPO.
  1168 | D:1      | 1168 ||| DRINKING 2 sedimented red potions.
  1169 | D:1      | 1169 ||| DROPPING scroll of blinking.
  1170 | D:1      | 1170 ||| DROPPING potion of flight.
  1187 | D:2      | Noticed Natasha
  1188 | D:2      | 1188 ||| Stepping ~*~*~tactically~*~*~ (stealth).
  1190 | D:2      | 1190 ||| Stepping ~*~*~tactically~*~*~ (stealth).
  1198 | D:2      | 1198 ||| Stepping ~*~*~tactically~*~*~ (hiding).
  1208 | D:2      | Killed Natasha
  1208 | D:2      | HP: 4/21 [adder (4)]
  1209 | D:2      | Reached XP level 4. HP: 5/26 MP: 8/8
  1247 | D:2      | 1247 ||| FLEEEEING.
  1248 | D:2      | 1248 ||| FLEEEEING.
  1250 | D:2      | 1250 ||| STAIRDANCE
  1320 | D:1      | 1320 ||| Stepping ~*~*~tactically~*~*~ (stealth).
  1473 | D:1      | 1473 ||| READING scroll labelled JOENIFFOTON.
  1485 | D:2      | 1485 ||| Stepping ~*~*~tactically~*~*~ (stealth).
  1534 | D:2      | Reached skill level 5 in Axes
  1576 | D:2      | Found a runed translucent door.
  1577 | D:2      | Noticed Crazy Yiuf
  1599 | D:2      | 1599 ||| Stepping ~*~*~tactically~*~*~ (stealth).
  1601 | D:2      | 1601 ||| Stepping ~*~*~tactically~*~*~ (stealth).
  1603 | D:2      | 1603 ||| Stepping ~*~*~tactically~*~*~ (stealth).
  1605 | D:2      | 1605 ||| Stepping ~*~*~tactically~*~*~ (stealth).
  1607 | D:2      | 1607 ||| Stepping ~*~*~tactically~*~*~ (stealth).
  1609 | D:2      | 1609 ||| Stepping ~*~*~tactically~*~*~ (stealth).
  1611 | D:2      | 1611 ||| Stepping ~*~*~tactically~*~*~ (stealth).
  1613 | D:2      | 1613 ||| Stepping ~*~*~tactically~*~*~ (stealth).
  1615 | D:2      | 1615 ||| Stepping ~*~*~tactically~*~*~ (stealth).
  1655 | D:2      | Noticed Robin
  1668 | D:2      | HP: 4/26 [hobgoblin[Robin] (3)]
  1668 | D:2      | Constricted to death by Robin

Levels and vault maps discovered:
D:1:      evilmike_arrival_rings, layout_loops_ring, kennysheep_flooded_box,
          minmay_quantized
D:2:      layout_rooms, hex_medium, minmay_pentomino_v2, uniq_robin,
          uniq_sigmund, uniq_natasha, uniq_crazy_yiuf_cottage

Skill      XL: |  1  2  3  4 |
---------------+-------------+-----
Axes           | 3 4 5 |  5.2
Fighting       | |  2.0
Throwing       | |  1.0
Armour         | |  1.1
Dodging        | |  2.1
Spellcasting   | |  2.0
Translocations | |  2.4

Action                   |  1- 3 |  4- 6 || total
-------------------------+-------+-------++-------
Melee: Hand axe          |    56 |    37 ||    93
       Kick              |    18 |     5 ||    23
       Peck              |     6 |     2 ||     8
Throw: Boomerang         |     7 |       ||     7
  Use: Scroll            |     4 |     1 ||     5
       Potion            |     1 |       ||     1
Armor: Leather armour    |    15 |     9 ||    24
Dodge: Dodged            |    29 |    22 ||    51

Table legend:
 A = Non-vault XP
 B = Vault XP
 C = Vault XP percentage of total XP
 D = Non-vault monster count
 E = Vault monster count
 F = Vault count percentage of total count
                 A         B        C        D         E       F
            +---------+---------+-------+---------+---------+-------
      Total |      87 |      57 |  39.6 |      32 |      14 |  30.4
            +---------+---------+-------+---------+---------+-------
        D:1 |      49 |      10 |  16.9 |      22 |       7 |  24.1
        D:2 |      38 |      47 |  55.3 |      10 |       7 |  41.2
            +---------+---------+-------+---------+---------+-------
